AA
SACRAMENTO AMISH @ OKLAHOMA CITY 89'ERS
06/05/2060
 
TOP OF THE 1ST
Sacramento Amish batting - Pitching for Oklahoma City 89'ers : RHP Preston Parnell
Pitching: RHP Preston Parnell
Batting: RHB Blake Allen 0-0: Ball
1-0: Ball
2-0: Called Strike
2-1: Swinging Strike
2-2: Ground out U3 (Groundball, 34, EV 83.1 MPH)
Batting: SHB Brady Hill 0-0: Ball
1-0: Called Strike
1-1: Fly out, F8 (Flyball, 78M, EV 90.6 MPH)
Batting: SHB Jaylin Godsey 0-0: Foul Ball, location: 2F
0-1: Ball
1-1: Ball
2-1: Fly out, F9 (Line Drive, 89M, EV 105.6 MPH)
Top of the 1st over - 0 runs, 0 hits, 0 errors, 0 left on base; Sacramento 0 - Oklahoma City 0
BOTTOM OF THE 1ST
Oklahoma City 89'ers batting - Pitching for Sacramento Amish : RHP Joshua Pinkston
Pitching: RHP Joshua Pinkston
Batting: RHB Tyson Axtell 0-0: Ground out 6-3 (Groundball, 6M, EV 76.9 MPH)
Batting: RHB Christopher Rasmussen 0-0: Called Strike
0-1: Ball
1-1: Called Strike
1-2: SINGLE (Groundball, 56D, EV 98.1 MPH)
Batting: LHB Adrien Davis 0-0: Ball
1-0: Ball
2-0: SINGLE (Line Drive, 4MD, EV 105.0 MPH)
Christopher Rasmussen to second
Batting: RHB Joseph Skehan 0-0: Ball
1-0: Swinging Strike
1-1: Ball
2-1: Ball
3-1: Base on Balls
Christopher Rasmussen to third
Adrien Davis to second
Batting: LHB Alvan Goldsmith 0-0: Ball
1-0: Ball
2-0: Ball
3-0: Base on Balls
Christopher Rasmussen scores
Adrien Davis to third
Joseph Skehan to second
Batting: RHB Logan Michalski 0-0: Ball
1-0: Swinging Strike
1-1: Ball
2-1: Ball
3-1: Called Strike
3-2: Foul Ball, location: 2F
3-2: Foul Ball, location: 2F
3-2: Strikes out swinging
Batting: RHB Mason Eubanks 0-0: Ball
1-0: Ball
2-0: SINGLE (Groundball, 5S, EV 73.1 MPH) (infield hit)
Adrien Davis scores
Joseph Skehan to third
Alvan Goldsmith to second
Batting: RHB Roger D'Andrea 0-0: Ball
1-0: Ground out 4-3 (Groundball, 4, EV 87.5 MPH)
Bottom of the 1st over - 2 runs, 3 hits, 0 errors, 3 left on base; Sacramento 0 - Oklahoma City 2
TOP OF THE 2ND
Sacramento Amish batting - Pitching for Oklahoma City 89'ers : RHP Preston Parnell
Batting: RHB Adrian Gramling 0-0: Ball
1-0: Foul Ball, location: 2F
1-1: Ball
2-1: Foul Ball, location: 2F
2-2: DOUBLE (Flyball, 78D, EV 98.8 MPH)
Batting: RHB Shelton Gallegos 0-0: Foul Ball, location: 2F
0-1: SINGLE (Flyball, 8RS, EV 89.4 MPH)
Adrian Gramling to third
Batting: RHB Rory Elia Jr. 0-0: Foul Ball, location: 2F
0-1: Ball
1-1: Swinging Strike
1-2: Ball
2-2: Foul Ball, location: 2F
2-2: Strikes out looking
Batting: RHB Nickolas Keyes 0-0: Called Strike
0-1: Ball
1-1: Grounds into double play, 4-6-3 (Groundball, 4, EV 95.0 MPH)
Top of the 2nd over - 0 runs, 2 hits, 0 errors, 1 left on base; Sacramento 0 - Oklahoma City 2
BOTTOM OF THE 2ND
Oklahoma City 89'ers batting - Pitching for Sacramento Amish : RHP Joshua Pinkston
Batting: SHB Sage Reinisch 0-0: Foul Ball, location: 2F
0-1: Called Strike
0-2: Ball
1-2: Strikes out swinging
Batting: RHB Tyson Axtell 0-0: Called Strike
0-1: Fly out, F9 (Flyball, 89S, EV 78.1 MPH)
Batting: RHB Christopher Rasmussen 0-0: Ball
1-0: Foul Ball, location: 2F
1-1: Called Strike
1-2: Strikes out swinging
Bottom of the 2nd over - 0 runs, 0 hits, 0 errors, 0 left on base; Sacramento 0 - Oklahoma City 2
TOP OF THE 3RD
Sacramento Amish batting - Pitching for Oklahoma City 89'ers : RHP Preston Parnell
Batting: RHB Stefan Flynn 0-0: Ball
1-0: Foul Ball, location: 2F
1-1: Ball
2-1: Ball
3-1: Ground out 5-3 (Groundball, 56S, EV 83.1 MPH)
Batting: RHB Louis Leighton 0-0: Swinging Strike
0-1: Ball
1-1: Ball
2-1: Called Strike
2-2: Ball
3-2: Foul Ball, location: 2F
3-2: Strikes out swinging
Batting: RHB Blake Allen 0-0: Foul Ball, location: 2F
0-1: Ball
1-1: Ball
2-1: Called Strike
2-2: Strikes out swinging
Top of the 3rd over - 0 runs, 0 hits, 0 errors, 0 left on base; Sacramento 0 - Oklahoma City 2
BOTTOM OF THE 3RD
Oklahoma City 89'ers batting - Pitching for Sacramento Amish : RHP Joshua Pinkston
Batting: LHB Adrien Davis 0-0: Called Strike
0-1: Called Strike
0-2: Ball
1-2: Ball
2-2: Foul Ball, location: 2F
2-2: Fly out, F4 (Line Drive, 34, EV 72.5 MPH)
Batting: RHB Joseph Skehan 0-0: Foul Ball, location: 2F
0-1: Ball
1-1: Swinging Strike
1-2: Ball
2-2: Ball
3-2: Foul Ball, location: 2F
3-2: Fly out, F8 (Flyball, 8LD, EV 101.9 MPH)
Batting: LHB Alvan Goldsmith 0-0: Ball
1-0: Called Strike
1-1: Called Strike
1-2: Ball
2-2: Ball
3-2: Strikes out swinging
Bottom of the 3rd over - 0 runs, 0 hits, 0 errors, 0 left on base; Sacramento 0 - Oklahoma City 2
TOP OF THE 4TH
Sacramento Amish batting - Pitching for Oklahoma City 89'ers : RHP Preston Parnell
Batting: SHB Brady Hill 0-0: Foul Ball, location: 2F
0-1: Foul Ball, location: 2F
0-2: Foul Ball, location: 2F
0-2: Ball
1-2: Foul Ball, location: 2F
1-2: Foul Ball, location: 2F
1-2: Ball
2-2: Ground out 4-3 (Groundball, 4, EV 104.4 MPH)
Batting: SHB Jaylin Godsey 0-0: Ball
1-0: SINGLE (Groundball, 4MD, EV 102.5 MPH)
Batting: RHB Adrian Gramling 0-0: Ball
1-0: Ball
2-0: Ball
3-0: Called Strike
3-1: Fly out, F9 (Flyball, 9LM, EV 77.5 MPH)
Batting: RHB Shelton Gallegos 0-0: Called Strike
0-1: Called Strike
0-2: Foul Ball, location: 2F
0-2: Ball
1-2: Strikes out swinging
Top of the 4th over - 0 runs, 1 hit, 0 errors, 1 left on base; Sacramento 0 - Oklahoma City 2
BOTTOM OF THE 4TH
Oklahoma City 89'ers batting - Pitching for Sacramento Amish : RHP Joshua Pinkston
Batting: RHB Logan Michalski 0-0: Ball
1-0: Fly out, F4 (Line Drive, 4, EV 61.9 MPH)
Batting: RHB Mason Eubanks 0-0: Bunted foul
0-1: Ball
1-1: Called Strike
1-2: Ball
2-2: Ball
3-2: Base on Balls
Batting: RHB Roger D'Andrea 0-0: Ball
1-0: Ball
Mason Eubanks steals 2nd base
2-0: SINGLE (Groundball, 34S, EV 95.6 MPH)
Mason Eubanks to third
Batting: SHB Sage Reinisch 0-0: Called Strike
Roger D'Andrea steals 2nd base
0-1: Called Strike
0-2: Ball
1-2: Foul Ball, location: 2F
1-2: Foul Ball, location: 2F
1-2: DOUBLE (Flyball, 89D, EV 107.5 MPH)
Mason Eubanks scores
Roger D'Andrea scores
Batting: RHB Tyson Axtell 0-0: Ball
Sage Reinisch steals 3rd base
1-0: Ball
2-0: Ball
3-0: Base on Balls
Batting: RHB Christopher Rasmussen 0-0: Ball
Tyson Axtell steals 2nd base (no throw)
1-0: Called Strike
1-1: Ball
Wild Pitch!
Sage Reinisch scores
Tyson Axtell to third
2-1: Ball
3-1: Base on Balls
Pitching: RHP Gavin Armstrong
Batting: LHB Adrien Davis 0-0: Foul Ball, location: 2F
0-1: Fly out, F8 (Flyball, 8RM, EV 82.5 MPH)
Runner from 3rd tags up, SCORES, throw by CF
Batting: RHB Joseph Skehan 0-0: Called Strike
0-1: Ball
1-1: Swinging Strike
1-2: Strikes out swinging
Bottom of the 4th over - 4 runs, 2 hits, 0 errors, 1 left on base; Sacramento 0 - Oklahoma City 6
TOP OF THE 5TH
Sacramento Amish batting - Pitching for Oklahoma City 89'ers : RHP Preston Parnell
Batting: RHB Rory Elia Jr. 0-0: Fly out, F9 (Line Drive, 9LM, EV 91.9 MPH)
Batting: RHB Nickolas Keyes 0-0: Ball
1-0: Foul Ball, location: 2F
1-1: Ball
2-1: Swinging Strike
2-2: Strikes out swinging
Batting: RHB Stefan Flynn 0-0: Foul Ball, location: 2F
0-1: Hit by Pitch
Batting: RHB Louis Leighton 0-0: Fly out, F7 (Flyball, 7, EV 86.9 MPH)
Top of the 5th over - 0 runs, 0 hits, 0 errors, 1 left on base; Sacramento 0 - Oklahoma City 6
BOTTOM OF THE 5TH
Oklahoma City 89'ers batting - Pitching for Sacramento Amish : RHP Gavin Armstrong
Batting: LHB Alvan Goldsmith 0-0: Ball
1-0: Ball
2-0: Foul Ball, location: 2F
2-1: Ball
3-1: Base on Balls
Batting: RHB Logan Michalski 0-0: Ball
1-0: Swinging Strike
1-1: 2-RUN HOME RUN (Flyball, 78XD, EV 99.4 MPH), Distance : 420 ft
Batting: RHB Mason Eubanks 0-0: Called Strike
0-1: Ball
1-1: Ball
2-1: Swinging Strike
2-2: Foul Ball, location: 2F
2-2: Ground out 6-3 (Groundball, 6MS, EV 65.6 MPH)
Batting: RHB Roger D'Andrea 0-0: Ball
1-0: Swinging Strike
1-1: Ground out 3-1 (Groundball, 34S, EV 81.2 MPH)
Batting: SHB Sage Reinisch 0-0: Called Strike
0-1: Swinging Strike
0-2: Hit by Pitch
Batting: RHB Tyson Axtell 0-0: Called Strike
0-1: Called Strike
0-2: Strikes out looking
Bottom of the 5th over - 2 runs, 1 hit, 0 errors, 1 left on base; Sacramento 0 - Oklahoma City 8
TOP OF THE 6TH
Sacramento Amish batting - Pitching for Oklahoma City 89'ers : RHP Preston Parnell
Batting: RHB Blake Allen 0-0: Called Strike
0-1: Foul Ball, location: 2F
0-2: Ball
1-2: Ball
2-2: Ground out 4-3 (Groundball, 4, EV 103.1 MPH)
Batting: SHB Brady Hill 0-0: Called Strike
0-1: Ball
1-1: Ground out 2-3 (Groundball, 13S, EV 69.4 MPH)
Batting: SHB Jaylin Godsey 0-0: Called Strike
0-1: Ball
1-1: Ground out 4-3 (Groundball, 4, EV 89.4 MPH)
Top of the 6th over - 0 runs, 0 hits, 0 errors, 0 left on base; Sacramento 0 - Oklahoma City 8
BOTTOM OF THE 6TH
Oklahoma City 89'ers batting - Pitching for Sacramento Amish : RHP Gavin Armstrong
Batting: RHB Christopher Rasmussen 0-0: Called Strike
0-1: Foul Ball, location: 2F
0-2: Foul Ball, location: 2F
0-2: Ball
1-2: Strikes out swinging
Pitching: RHP Townes Parker
Batting: LHB Adrien Davis 0-0: Ball
1-0: Foul Ball, location: 2F
1-1: Ball
2-1: Foul Ball, location: 2F
2-2: Foul Ball, location: 2F
2-2: Ball
3-2: Base on Balls
Batting: RHB Joseph Skehan 0-0: Ball
1-0: Called Strike
1-1: Ball
2-1: Foul Ball, location: 2F
2-2: Strikes out looking
Batting: LHB Alvan Goldsmith 0-0: Called Strike
0-1: Ball
1-1: Called Strike
1-2: Strikes out swinging
Bottom of the 6th over - 0 runs, 0 hits, 0 errors, 1 left on base; Sacramento 0 - Oklahoma City 8
TOP OF THE 7TH
Sacramento Amish batting - Pitching for Oklahoma City 89'ers : RHP Preston Parnell
Batting: RHB Adrian Gramling 0-0: Called Strike
0-1: Foul Ball, location: 2F
0-2: Foul Ball, location: 2F
0-2: Fly out, F8 (Flyball, 89M, EV 86.2 MPH)
Batting: RHB Shelton Gallegos 0-0: Called Strike
0-1: Ball
1-1: Ball
2-1: Foul Ball, location: 2F
2-2: Foul Ball, location: 2F
2-2: Ball
3-2: SOLO HOME RUN (Flyball, 89XD, EV 108.8 MPH), Distance : 418 ft
Pitching: RHP Norris Simion
Batting: RHB Rory Elia Jr. 0-0: Ball
1-0: Ball
2-0: Called Strike
2-1: Called Strike
2-2: Strikes out swinging, 2-3 out at first.
Batting: RHB Nickolas Keyes 0-0: Called Strike
0-1: Ground out 6-3 (Groundball, 6, EV 84.4 MPH)
Top of the 7th over - 1 run, 1 hit, 0 errors, 0 left on base; Sacramento 1 - Oklahoma City 8
BOTTOM OF THE 7TH
Oklahoma City 89'ers batting - Pitching for Sacramento Amish : RHP Townes Parker
Batting: RHB Logan Michalski 0-0: Swinging Strike
0-1: Called Strike
0-2: Ball
1-2: Ball
2-2: Foul Ball, location: 2F
2-2: Ball
3-2: Foul Ball, location: 2F
3-2: Foul Ball, location: 2F
3-2: Strikes out swinging
Pitching: RHP Wayland de Jesus
Batting: RHB Mason Eubanks 0-0: Foul Ball, location: 2F
0-1: Fly out, F8 (Flyball, 8RD, EV 105.0 MPH)
Batting: RHB Roger D'Andrea 0-0: Called Strike
0-1: Fly out, F8 (Flyball, 8LM, EV 93.1 MPH)
Bottom of the 7th over - 0 runs, 0 hits, 0 errors, 0 left on base; Sacramento 1 - Oklahoma City 8
TOP OF THE 8TH
Sacramento Amish batting - Pitching for Oklahoma City 89'ers : RHP Norris Simion
Batting: RHB Stefan Flynn 0-0: Ball
1-0: Called Strike
1-1: Ball
2-1: Called Strike
2-2: Strikes out swinging
Batting: RHB Louis Leighton 0-0: Ball
1-0: Swinging Strike
1-1: Foul Ball, location: 2F
1-2: Strikes out swinging
Batting: RHB Blake Allen 0-0: Foul Ball, location: 2F
0-1: Ball
1-1: Ball
2-1: Foul Ball, location: 2F
2-2: Ball
3-2: Strikes out swinging
Top of the 8th over - 0 runs, 0 hits, 0 errors, 0 left on base; Sacramento 1 - Oklahoma City 8
BOTTOM OF THE 8TH
Oklahoma City 89'ers batting - Pitching for Sacramento Amish : RHP Wayland de Jesus
Batting: SHB Sage Reinisch 0-0: Ball
1-0: Ball
2-0: Ball
3-0: Base on Balls
Batting: RHB Tyson Axtell 0-0: Called Strike
0-1: Ball
1-1: Fly out, F9 (Flyball, 89S, EV 86.2 MPH)
Batting: RHB Christopher Rasmussen 0-0: Ball
Sage Reinisch steals 2nd base
1-0: Foul Ball, location: 2F
1-1: Ball
2-1: Ball
3-1: Called Strike
3-2: Foul Ball, location: 2F
3-2: Strikes out swinging
Batting: LHB Adrien Davis 0-0: Fly out, F6 (Flyball, 4MD, EV 92.5 MPH)
Bottom of the 8th over - 0 runs, 0 hits, 0 errors, 1 left on base; Sacramento 1 - Oklahoma City 8
TOP OF THE 9TH
Sacramento Amish batting - Pitching for Oklahoma City 89'ers : RHP Norris Simion
Batting: SHB Brady Hill 0-0: Called Strike
0-1: Foul Ball, location: 2F
0-2: Ball
1-2: Foul Ball, location: 2F
1-2: Foul Ball, location: 2F
1-2: Fly out, F4 (Popup, 4D, EV 46.2 MPH)
Batting: SHB Jaylin Godsey 0-0: Foul Ball, location: 2F
0-1: Ball
1-1: Ball
2-1: Foul Ball, location: 2F
2-2: Ball
3-2: Strikes out looking
Batting: RHB Adrian Gramling 0-0: Ball
1-0: Ball
2-0: Ball
3-0: Base on Balls
Batting: RHB Shelton Gallegos 0-0: Called Strike
0-1: Ball
1-1: Ball
2-1: Ball
3-1: Base on Balls
Adrian Gramling to second
Batting: RHB Rory Elia Jr. 0-0: Foul Ball, location: 2F
0-1: Foul Ball, location: 2F
0-2: Ball
1-2: Strikes out swinging
Top of the 9th over - 0 runs, 0 hits, 0 errors, 2 left on base; Sacramento 1 - Oklahoma City 8
Sunday, May 5th , 2024 - OOTP Baseball 23.10 Build 110